Map: Dusk Towers

Players

soul - Winner!

  • Race: Terran Terran
  • League: Master

Miszu

  • Race: Terran Terran
  • League: Grandmaster

VOD

Have the link to the VOD?

Description

Time

  • Played on: May 13, 2016, 2:12 p.m.
  • Length: 16:30
Show
View Real Time Build Order
Export as new Build Order

soul Terran - Winner!

Build Orders: Reaper Expand, Bio Tank 

Get SALT Encoding   

  12  0:00  SCV  
  13  0:13  SCV  
  14  0:17  Supply Depot  
  14  0:25  SCV  
  15  0:39  SCV  
  15  0:41  Barracks  
  16  0:44  Refinery  
  16  0:51  SCV  
  17  1:03  SCV  
  18  1:15  SCV  
  19  1:29  Reaper, Orbital Command  
  20  1:46  Command Center  
  20  1:55  Supply Depot, SCV  
  20  2:01  Marine  
  22  2:08  Factory  
  22  2:11  SCV  
  23  2:17  Refinery  
  23  2:18  Marine  
  24  2:24  SCV  
  25  2:36  SCV  
  26  2:38  Marine  
  27  2:48  SCV  
  28  2:53  Starport  
  28  2:54  Factory Tech Lab  
  28  2:55  Marine  
  29  2:59  Orbital Command  
  29  3:00  SCV  
  30  3:12  SCV  
  31  3:16  Siege Tank  
  33  3:22  Marine  
  33  3:24  SCV  
  33  3:26  SCV  
  36  3:30  Viking  
  38  3:36  Supply Depot, SCV  
  38  3:38  SCV  
  40  3:47  Barracks Reactor  
  40  3:48  SCV  
  40  3:50  SCV  
  42  3:56  Siege Tank  
  42  4:00  SCV  
  42  4:01  Supply Depot  
  42  4:02  SCV  
  47  4:12  SCV  
  47  4:15  Command Center  
  48  4:20  SCV  
  49  4:25  Viking  
  49  4:28  Engineering Bay  
  49  4:29  SCV  
  52  4:32  SCV  
  52  4:36  Supply Depot  
  53  4:41  SCV  
  53  4:44  SCV  
  55  4:47  Supply Depot  
  55  4:51  Siege Tank  
  58  4:53  SCV  
  58  4:56  SCV  
  58  4:59  Missile Turret  
  60  5:01  Barracks Tech Lab  
  60  5:02  Missile Turret  
  60  5:05  SCV  
  61  5:08  SCV  
  61  5:10  Medivac  
  64  5:17  SCV  
  64  5:20  SCV  
  63  5:28  Refinery  
  63  5:29  Refinery, Medivac  
  63  5:30  Barracks, SCV  
  63  5:32  Barracks, SCV  
  63  5:34  Orbital Command  
  67  5:38  Stimpack  
  67  5:42  SCV  
  68  5:45  SCV  
  68  5:46  Marine  
  70  5:52  Engineering Bay, Missile Turret  
  70  5:53  Liberator  
  70  6:00  Barracks  
  70  6:02  Barracks  
  70  6:03  SCV  
  71  6:05  Marine  
  71  6:09  Orbital Command  
  75  6:13  SCV  
  75  6:15  SCV  
  75  6:18  Marine  
  77  6:21  Terran Infantry Weapons Level 1, Terran Infantry Armor Level 1  
  77  6:22  Marine  
  75  6:27  SCV  
  75  6:28  Missile Turret  
  75  6:30  SCV  
  77  6:40  Marine  
  77  6:42  Barracks Reactor x2  
  77  6:43  SCV  
  77  6:44  SCV  
  76  6:49  SCV  
  77  6:58  SCV  
  78  7:03  Marine  
  78  7:06  SCV  
  78  7:07  SCV, Armory  
  81  7:10  SCV  
  81  7:12  Medivac  
  84  7:18  SCV  
  84  7:19  Supply Depot x2, Medivac, SCV  
  84  7:20  Marine  
  84  7:21  Marine  
  90  7:23  SCV  
  89  7:30  SCV  
  89  7:31  SCV  
  89  7:32  Marine  
  89  7:33  Marine  
  89  7:34  Barracks Reactor x2  
  93  7:38  Supply Depot x2  
  93  7:40  Marine x3, SCV  
  93  7:42  Supply Depot  
  97  7:49  Medivac  
  96  7:51  Marine  
  96  7:52  Marine  
  96  7:56  Factory  
  96  7:57  Refinery  
  96  7:58  Refinery, Marine x3  
  101  8:03  SCV  
  101  8:04  Barracks  
  101  8:05  Barracks, Combat Shields  
  102  8:06  Barracks  
  102  8:09  Marine  
  100  8:13  SCV  
  100  8:15  Siege Tank  
  100  8:17  Marine x6  
  110  8:22  SCV  
  110  8:25  SCV  
  110  8:26  Terran Infantry Weapons Level 2  
  112  8:27  Marine  
  112  8:30  Marine  
  112  8:33  Supply Depot  
  111  8:41  Marine x2, Sensor Tower  
  111  8:43  Sensor Tower  
  111  8:44  Marine x3  
  111  8:45  Factory Tech Lab  
  116  8:52  Terran Infantry Armor Level 2  
  116  8:53  Marine x5  
  122  9:12  Siege Tank x2  
  122  9:13  Barracks Reactor  
  122  9:14  Marine x3  
  122  9:16  Viking  
  130  9:17  Command Center  
  130  9:22  Marine x5  
  135  9:29  Marine  
  135  9:30  Barracks Reactor  
  135  9:31  Barracks Reactor  
  129  9:32  Marine  
  129  9:33  Marine x2  
  129  9:35  Supply Depot  
  129  9:39  Marine  
  129  9:40  Marine x4, Medivac  
  129  9:44  Siege Tank  
  139  9:47  Marine  
  139  9:49  Marine  
  139  9:50  Marine x2, Siege Tank  
  146  9:53  Marine  
  146  9:54  Supply Depot  
  146  9:56  Supply Depot x2  
  146  9:58  Marine  
  148  10:00  Marine x3  
  148  10:03  Marine x2  
  148  10:05  Marine  
  148  10:06  Medivac  
  156  10:07  Marine  
  157  10:15  Marine  
  157  10:16  Medivac, Siege Tank  
  157  10:19  Terran Vehicle Weapons Level 1  
  163  10:25  Marine  
  163  10:26  Supply Depot x2  
  163  10:27  Siege Tank  
  167  10:31  Marine  
  167  10:42  Marine  
  168  10:47  Terran Infantry Weapons Level 3  
  167  10:51  Sensor Tower  
  167  10:52  Missile Turret  
  167  10:55  Marine x7  
  167  10:56  Marine x3  
  177  11:03  Marine x3, Siege Tank  
  175  11:05  Marine  
  175  11:09  Marine  
  175  11:15  Medivac x2  
  175  11:18  Marine  
  161  11:19  Marine  
  161  11:25  Marine x4  
  147  11:29  Hellion  
  144  11:33  Terran Infantry Armor Level 3  
  144  11:36  Marine  
  144  11:37  Marine x5  
  144  11:38  Marine  
  151  11:41  Marine  
  152  11:47  Planetary Fortress  
  152  11:49  Siege Tank  
  152  11:53  Marine  
  155  11:55  Marine  
  155  11:56  Viking x2  
  160  12:05  Marine, Siege Tank  
  164  12:16  Marine  
  164  12:17  Marine x9  
  164  12:22  Terran Vehicle Weapons Level 2  
  173  12:29  Command Center  
  170  12:30  Marine  
  170  12:31  Marine x4, Siege Tank  
  170  12:34  Marine  
  170  12:35  Marine  
  180  12:38  Marine x2, Siege Tank  
  180  12:42  Marine x2  
  187  12:49  Medivac  
  189  12:54  Marine  
  189  12:55  Marine x5  
  189  12:57  Marine  
  163  12:59  Marine x2  
  163  13:03  Siege Tank  
  163  13:04  Medivac  
  156  13:07  Marine x2  
  158  13:13  Marine x5  
  158  13:19  Medivac  
  165  13:21  Siege Tank  
  165  13:23  Marine  
  165  13:24  Marine  
  165  13:26  Marine  
  165  13:27  Marine x2  
  170  13:30  Marine  
  170  13:33  Marine  
  170  13:34  Medivac  
  175  13:36  Marine, Siege Tank  
  172  13:49  Marine x3, Medivac  
  172  13:50  Marine x4  
  181  14:02  Marine, Siege Tank, Liberator  
  184  14:04  Medivac  
  184  14:07  Planetary Fortress  
  187  14:18  Marine, Refinery  
  187  14:21  Refinery  
  191  14:24  Marine  
  191  14:25  Marine x4  
  191  14:27  Sensor Tower  
  191  14:30  Marine  
  185  14:41  Siege Tank  
  185  14:42  Marine  
  187  14:46  Siege Tank  
  187  14:47  Marine  
  191  14:54  Marine  
  191  14:55  Marine x2  
  191  14:56  Marine  
  184  15:09  Liberator  
  184  15:10  Marine x5  
  184  15:11  Marine x6  
  184  15:13  Siege Tank  
  188  15:18  Siege Tank  
  191  15:22  Sensor Tower  
  193  15:34  Marine x2  
  195  15:38  Marine x2  
  195  15:40  Marine  
  195  15:42  Marine  
  192  15:45  Siege Tank  
  192  15:46  Marine x2  
  197  15:51  Siege Tank  
Show
View Real Time Build Order
Export as new Build Order

Miszu Terran 

Build Orders: 1/1/1, Bio Tank, Banshee Rush 

Get SALT Encoding   

  12  0:00  SCV  
  13  0:12  SCV  
  14  0:18  Supply Depot  
  14  0:24  SCV  
  15  0:30  Refinery  
  15  0:40  SCV  
  16  0:44  Barracks  
  16  0:52  SCV  
  16  0:55  Refinery  
  17  1:04  SCV  
  18  1:16  SCV  
  19  1:31  Orbital Command  
  19  1:34  Factory  
  19  1:38  Reaper  
  20  1:50  Supply Depot  
  20  1:56  SCV  
  21  2:09  SCV  
  21  2:10  Reaper  
  23  2:18  Starport  
  23  2:19  Hellion  
  25  2:23  SCV  
  26  2:35  SCV  
  27  2:37  Supply Depot  
  27  2:42  Hellion, Reaper  
  30  2:48  SCV  
  31  2:59  Medivac  
  31  3:00  Supply Depot  
  31  3:04  Hellion  
  35  3:12  SCV  
  36  3:14  Barracks Tech Lab  
  36  3:33  Command Center  
  36  3:38  Factory Tech Lab, SCV  
  37  3:42  Barracks Reactor  
  37  3:51  Cloaking Field, Banshee  
  37  3:55  SCV  
  41  4:02  Siege Tank  
  42  4:13  SCV  
  43  4:23  Command Center  
  42  4:34  Banshee  
  45  4:48  Barracks  
  45  4:49  Barracks  
  45  4:50  SCV  
  46  4:53  Factory Tech Lab  
  46  4:58  Orbital Command  
  46  5:03  SCV  
  47  5:08  Marine, Stimpack  
  40  5:21  SCV  
  40  5:26  Siege Tank, SCV  
  42  5:29  Marine  
  42  5:33  SCV  
  48  5:35  Orbital Command  
  44  5:38  Starport Reactor, SCV  
  44  5:40  Marine x2  
  47  5:45  SCV  
  47  5:47  Marine  
  49  5:50  Engineering Bay  
  49  5:51  SCV  
  49  5:52  Engineering Bay  
  50  5:58  Siege Tank  
  50  5:59  SCV  
  50  6:03  SCV  
  55  6:07  Marine x2, Orbital Command  
  55  6:08  Refinery x2, Marine  
  55  6:09  Marine  
  59  6:11  SCV  
  60  6:25  Marine x2  
  62  6:26  Marine  
  62  6:27  Marine  
  62  6:28  Medivac x2  
  62  6:30  SCV x2  
  70  6:36  Terran Infantry Armor Level 1  
  68  6:42  Marine, Siege Tank, SCV  
  68  6:43  Marine  
  68  6:44  Marine  
  73  6:48  SCV  
  73  6:49  SCV  
  75  6:59  Marine  
  75  7:00  Marine  
  74  7:10  Medivac  
  74  7:11  SCV  
  74  7:12  Engineering Bay  
  77  7:16  Supply Depot  
  77  7:17  Missile Turret x2  
  77  7:18  Supply Depot, Missile Turret  
  77  7:19  Medivac  
  77  7:21  Missile Turret  
  71  7:34  Marine x4  
  75  7:38  Missile Turret  
  75  7:40  Terran Infantry Weapons Level 1, Missile Turret  
  75  7:41  SCV  
  76  7:45  SCV x2  
  78  7:52  Marine x2  
  80  8:02  Marine x2, Combat Shields  
  80  8:04  Medivac, SCV x2  
  80  8:05  SCV  
  86  8:06  Armory  
  86  8:09  Marine  
  86  8:11  Reaper  
  86  8:12  Siege Tank  
  89  8:16  SCV x2  
  89  8:19  SCV, Missile Turret  
  91  8:33  Medivac  
  91  8:34  Marine  
  93  8:48  Missile Turret  
  93  8:52  Marine  
  93  8:54  Terran Infantry Armor Level 2, Marine  
  93  8:55  SCV  
  93  8:57  Marine  
  93  8:58  Marine  
  93  9:02  Missile Turret  
  93  9:06  Supply Depot, Refinery  
  93  9:08  Supply Depot  
  93  9:09  Siege Tank, SCV x3  
  99  9:10  Marine  
  99  9:11  Marine  
  101  9:19  Missile Turret  
  101  9:28  Marine x3, Medivac x2  
  101  9:29  Marine  
  109  9:33  Refinery, Terran Vehicle Weapons Level 1  
  109  9:41  Barracks, Siege Tank  
  112  9:45  Marine x2  
  112  9:46  Marine  
  112  9:47  Marine  
  112  9:51  Factory, SCV  
  112  9:52  Barracks  
  117  10:01  Supply Depot  
  117  10:06  Marine x3, SCV x3  
  123  10:08  Supply Depot x2  
  123  10:09  Supply Depot  
  123  10:18  SCV  
  123  10:19  Command Center  
  124  10:23  Marine x2, Siege Tank  
  129  10:32  Marine  
  129  10:33  Marine  
  131  10:40  Missile Turret  
  131  10:44  Missile Turret x2  
  131  10:48  Marine, Factory Tech Lab  
  131  10:49  Marine x3  
  133  10:50  Medivac  
  133  10:51  Medivac  
  133  10:55  Siege Tank  
  133  10:56  Supply Depot  
  141  10:57  Supply Depot  
  141  10:59  Supply Depot  
  120  11:22  Marine  
  107  11:25  Marine  
  107  11:26  Marine x2  
  107  11:30  Siege Tank x2  
  107  11:31  Medivac  
  120  11:37  Barracks Reactor  
  120  11:39  Barracks Reactor  
  118  11:40  Marine  
  118  11:43  Marine, Barracks  
  118  11:44  Marine x2, Barracks  
  118  11:45  Barracks  
  122  11:52  Terran Vehicle Weapons Level 2  
  120  11:58  Marine  
  120  12:01  Marine x3  
  116  12:08  Siege Tank  
  122  12:16  Marine  
  122  12:17  Marine, Siege Tank  
  122  12:18  Marine  
  122  12:19  Marine x3  
  131  12:28  Marine  
  127  12:30  Marine  
  127  12:32  Terran Infantry Armor Level 3  
  127  12:34  Marine  
  127  12:37  Marine x2, Terran Infantry Weapons Level 2  
  130  12:39  Barracks Reactor  
  130  12:41  Barracks Reactor  
  130  12:42  Barracks Reactor  
  131  12:45  Planetary Fortress  
  125  13:09  Medivac x2, Siege Tank x2  
  135  13:15  Sensor Tower  
  135  13:23  Marine, SCV  
  135  13:24  Marine x4  
  140  13:30  Supply Depot  
  140  13:31  Supply Depot  
  126  13:37  Marine x7  
  132  13:44  Marine  
  132  13:45  Marine x4  
  132  13:46  Marine  
  138  13:50  Marine  
  138  13:55  Marine  
  140  14:01  Siege Tank x2  
  146  14:04  Marine  
  147  14:24  Marine x13  
  148  14:25  Marine  
  140  14:41  Marine  
  140  14:42  Marine x10  
  151  14:48  Marine  
  151  14:49  Siege Tank  
  152  14:54  Marine  
  152  14:55  Marine  
  152  14:59  Marine  
  151  15:00  Marine x3  
  151  15:01  SCV x2  
  151  15:02  SCV  
  153  15:12  Marine  
  153  15:13  Marine x6  
  151  15:17  Marine  
  149  15:24  Marine  
  148  15:30  Siege Tank  
  148  15:31  Marine x2, Siege Tank  
  148  15:33  Marine  
  126  15:50  Marine x3  
  126  15:51  Marine x5  
  134  15:59  Marine  
Tags
 
Add a new tag
Caveats
  • Supply blocks, unpowered buildings, or Contaminate may cause inaccurate times.
  • Supply counts are checked every 10 seconds.